General information
			
			
        
        - name: BNet
 
        - type: Ladder team game (AT/RT)
 
        - host: Battle.net
 
        - saver: iggy_the_fisk
 
        
map: Avalanche 
        - players: 4
 
        - length: 74:30
 
        - speed: Fast
 - version: 1.21 W3XP
 - replay type:  

 
» download(378 KB)
Players
        team 1 (loser) 
              
              
I)oomI)xistnc (
purple | 90 APM | 6090 actions | 67:35)
              
 8 Death Knight 
 3 Death Coil
 3 Unholy Aura
 1 Animate Dead
 1 Death Pact
 7 Lich 
 3 Frost Nova
 2 Dark Ritual
 1 Death and Decay
 1 Frost Armor
 
                » actions 
                
                | Assign group hotkey | 72 |  | 
| Basic commands | 30 |  | 
| Build / train | 87 |  | 
| ESC pressed | 5 |  | 
| Enter build submenu | 21 |  | 
| Enter hero's abilities submenu | 16 |  | 
| Give item / drop item | 6 |  | 
| Right click | 3279 |  | 
| Select / deselect | 1367 |  | 
| Select group hotkey | 1016 |  | 
| Use ability | 191 |  | 
                6090 total
 » units 
                
                | Acolyte | 17 |  | 
| Ghoul | 3 |  | 
| Crypt Fiend | 13 |  | 
| Meatwagon | 9 |  | 
                42 total
 » upgrades
                
                | Web | 1 |  | 
| Creature Carapace | 1 |  | 
| Creature Attack | 1 |  | 
| Unholy Strength | 2 |  | 
| Disease Cloud | 1 |  | 
                6 total
 » buildings
                
                | Crypt | 1 |  | 
| Graveyard | 1 |  | 
| Altar of Darkness | 1 |  | 
| Ziggurat | 6 |  | 
| Tomb of Relics | 2 |  | 
| Halls of the Dead | 2 |  | 
| Nerubian Tower | 1 |  | 
| Black Citadel | 1 |  | 
| Spirit Tower | 4 |  | 
| Sacrificial Pit | 1 |  | 
| Slaughterhouse | 2 |  | 
                22 total
 » build order
                00:09 Crypt
00:15 Graveyard
00:45 Altar of Darkness
01:07 Ziggurat
01:28 Tomb of Relics
02:39 Ziggurat
04:17 Halls of the Dead
05:03 Nerubian Tower
05:08 Halls of the Dead
05:36 Ziggurat
06:51 Ziggurat
08:02 Black Citadel
08:06 Ziggurat
08:08 Spirit Tower
10:21 Sacrificial Pit
14:46 Slaughterhouse
14:51 Slaughterhouse
15:11 Spirit Tower
15:12 Spirit Tower
15:14 Ziggurat
18:17 Spirit Tower
32:38 Tomb of Relics
» items
                
                | Rod of Necromancy | 2 |  | 
| Dust of Appearance | 3 |  | 
| Orb of Corruption | 1 |  | 
| Scroll of Town Portal | 3 |  | 
| Scroll of Healing | 3 |  | 
| Potion of Healing | 2 |  | 
                14 total
  
               
              
              
StraightG00ds (
teal | 72 APM | 5363 actions | 74:29)
              
 6 Blademaster 
 3 Wind Walk
 2 Critical Strike
 1 Bladestorm
 5 Shadow Hunter 
 2 Hex
 3 Healing Wave
 
                » actions 
                
                | Assign group hotkey | 69 |  | 
| Basic commands | 15 |  | 
| Build / train | 112 |  | 
| ESC pressed | 1 |  | 
| Enter build submenu | 45 |  | 
| Enter hero's abilities submenu | 11 |  | 
| Give item / drop item | 4 |  | 
| Remove unit from queue | 10 |  | 
| Right click | 2626 |  | 
| Select / deselect | 965 |  | 
| Select group hotkey | 1070 |  | 
| Use ability | 435 |  | 
                5363 total
 » units 
                
                | Peon | 18 |  | 
| Grunt | 4 |  | 
| Raider | 5 |  | 
| Troll Batrider | 40 |  | 
                67 total
 » upgrades
                
                | Berserker Strength | 1 |  | 
| Ensnare | 1 |  | 
| Ranged Weapons | 2 |  | 
                4 total
 » buildings
                
                | Altar of Storms | 1 |  | 
| Orc Burrow | 7 |  | 
| Barracks | 1 |  | 
| Stronghold | 1 |  | 
| Voodoo Lounge | 3 |  | 
| Beastiary | 3 |  | 
| War Mill | 1 |  | 
| Great Hall | 4 |  | 
| Watch Tower | 19 |  | 
                40 total
 » build order
                00:07 Altar of Storms
00:20 Orc Burrow
00:38 Barracks
01:42 Orc Burrow
02:50 Stronghold
03:59 Voodoo Lounge
04:03 Orc Burrow
05:13 Beastiary
05:14 Beastiary
05:29 War Mill
06:09 Orc Burrow
08:09 Orc Burrow
08:31 Great Hall
09:10 Watch Tower
09:58 Watch Tower
10:01 Watch Tower
10:03 Watch Tower
10:04 Watch Tower
10:47 Great Hall
11:25 Watch Tower
11:30 Watch Tower
11:55 Watch Tower
12:34 Voodoo Lounge
15:15 Watch Tower
15:16 Watch Tower
15:28 Watch Tower
15:31 Watch Tower
15:32 Watch Tower
16:11 Watch Tower
16:12 Watch Tower
16:16 Watch Tower
16:17 Watch Tower
17:08 Great Hall
17:09 Watch Tower
17:13 Watch Tower
17:28 Orc Burrow
18:08 Voodoo Lounge
18:45 Beastiary
43:00 Orc Burrow
49:54 Great Hall
» items
                
                | Healing Salve | 1 |  | 
| Lesser Clarity Potion | 2 |  | 
| Scroll of Town Portal | 6 |  | 
| Potion of Mana | 1 |  | 
                10 total
  
               team 2 (winner) 
              
              
iggy_the_fisk (
yellow | 89 APM | 6616 actions | 74:30)
              
 6 Archmage 
 3 Blizzard
 2 Brilliance Aura
 1 Mass Teleport
 7 Mountain King 
 3 Storm Bolt
 3 Bash
 1 Avatar
 6 Blood Mage 
 3 Flame Strike
 2 Siphon Mana
 1 Summon Phoenix
 
                » actions 
                
                | Assign group hotkey | 92 |  | 
| Basic commands | 33 |  | 
| Build / train | 187 |  | 
| Enter build submenu | 98 |  | 
| Enter hero's abilities submenu | 18 |  | 
| Give item / drop item | 4 |  | 
| Remove unit from queue | 38 |  | 
| Right click | 3539 |  | 
| Select / deselect | 865 |  | 
| Select group hotkey | 1437 |  | 
| Use ability | 295 |  | 
                6616 total
 » units 
                
                | Peasant | 30 |  | 
| Siege Engine | -10 |  | 
| Gryphon Rider | -3 |  | 
| Knight | 2 |  | 
| Priest | 1 |  | 
                20 total
 » upgrades
                
                | Masonry | 3 |  | 
| Lumber Harvesting | 2 |  | 
| Magic Sentry | 1 |  | 
| Armor | 3 |  | 
| Swords | 3 |  | 
| Animal War Training | 1 |  | 
| Gunpowder | 3 |  | 
| Plating | 2 |  | 
| Barrage | 1 |  | 
| Storm Hammers | 1 |  | 
                20 total
 » buildings
                
                | Altar of Kings | 1 |  | 
| Farm | 14 |  | 
| Lumber Mill | 1 |  | 
| Scout Tower | 55 |  | 
| Arcane Tower | 6 |  | 
| Guard Tower | 41 |  | 
| Keep | 1 |  | 
| Arcane Vault | 2 |  | 
| Town Hall | 1 |  | 
| Castle | 1 |  | 
| Arcane Sanctum | 1 |  | 
| Gryphon Aviary | 4 |  | 
| Blacksmith | 1 |  | 
| Barracks | 1 |  | 
| Workshop | 6 |  | 
                136 total
 » build order
                00:05 Altar of Kings
00:19 Farm
00:37 Lumber Mill
00:47 Farm
01:11 Scout Tower
01:40 Arcane Tower
01:43 Scout Tower
02:11 Guard Tower
02:12 Scout Tower
02:16 Scout Tower
02:42 Guard Tower
02:51 Guard Tower
02:52 Scout Tower
03:24 Guard Tower
03:26 Scout Tower
03:57 Guard Tower
03:57 Guard Tower
03:59 Scout Tower
04:17 Keep
04:31 Guard Tower
04:37 Arcane Vault
05:06 Scout Tower
05:44 Town Hall
05:48 Scout Tower
05:50 Scout Tower
05:51 Scout Tower
05:53 Scout Tower
05:56 Guard Tower
06:04 Scout Tower
06:16 Arcane Tower
06:22 Guard Tower
06:29 Guard Tower
06:31 Scout Tower
06:33 Scout Tower
07:10 Guard Tower
07:41 Guard Tower
07:41 Guard Tower
07:59 Scout Tower
08:26 Guard Tower
08:28 Scout Tower
08:29 Scout Tower
08:43 Guard Tower
09:00 Guard Tower
10:07 Castle
10:10 Guard Tower
10:15 Scout Tower
10:26 Arcane Sanctum
10:47 Guard Tower
10:49 Scout Tower
11:17 Guard Tower
11:19 Scout Tower
11:20 Scout Tower
12:00 Farm
12:05 Gryphon Aviary
12:31 Guard Tower
13:00 Farm
14:17 Scout Tower
14:32 Scout Tower
14:33 Scout Tower
14:56 Guard Tower
14:58 Scout Tower
15:04 Guard Tower
15:26 Guard Tower
16:19 Guard Tower
16:20 Scout Tower
16:45 Scout Tower
16:46 Guard Tower
16:57 Guard Tower
17:06 Guard Tower
17:11 Guard Tower
17:17 Scout Tower
17:23 Arcane Tower
17:25 Scout Tower
17:34 Scout Tower
17:39 Scout Tower
17:40 Scout Tower
17:53 Guard Tower
17:55 Scout Tower
17:57 Scout Tower
17:58 Scout Tower
18:13 Arcane Vault
18:30 Guard Tower
18:44 Guard Tower
19:02 Arcane Tower
19:10 Arcane Tower
19:31 Scout Tower
20:05 Guard Tower
20:32 Scout Tower
20:32 Scout Tower
20:38 Blacksmith
20:51 Guard Tower
21:31 Guard Tower
21:41 Scout Tower
21:46 Farm
22:19 Guard Tower
22:21 Scout Tower
22:25 Barracks
23:10 Guard Tower
23:11 Scout Tower
23:40 Guard Tower
23:43 Scout Tower
23:44 Scout Tower
26:08 Farm
26:10 Farm
26:12 Farm
26:16 Workshop
26:17 Workshop
26:22 Workshop
26:24 Workshop
26:27 Workshop
26:48 Farm
26:56 Guard Tower
27:27 Farm
27:29 Farm
27:30 Farm
27:38 Workshop
29:10 Farm
33:06 Gryphon Aviary
35:06 Gryphon Aviary
35:07 Gryphon Aviary
37:21 Farm
50:04 Scout Tower
50:05 Scout Tower
50:05 Scout Tower
50:06 Scout Tower
50:07 Scout Tower
50:31 Scout Tower
50:33 Scout Tower
50:34 Scout Tower
50:35 Guard Tower
51:18 Guard Tower
52:51 Scout Tower
52:52 Scout Tower
52:53 Scout Tower
54:48 Arcane Tower
» items
                
                | Healing Salve | 1 |  | 
| Scroll of Town Portal | 14 |  | 
| Ivory Tower | 7 |  | 
| Staff of Sanctuary | 3 |  | 
| Scroll of Regeneration | 12 |  | 
                37 total
  
               
              
              
TowerPowerNerf (
blue | 81 APM | 6004 actions | 74:29)
              
 5 Blademaster 
 3 Wind Walk
 2 Critical Strike
 
                » actions 
                
                | Assign group hotkey | 1258 |  | 
| Basic commands | 18 |  | 
| Build / train | 104 |  | 
| ESC pressed | 10 |  | 
| Enter build submenu | 94 |  | 
| Enter hero's abilities submenu | 5 |  | 
| Remove unit from queue | 1 |  | 
| Right click | 3021 |  | 
| Select / deselect | 579 |  | 
| Select group hotkey | 666 |  | 
| Use ability | 248 |  | 
                6004 total
 » units 
                
                | Peon | 28 |  | 
| Troll Batrider | 20 |  | 
| Wind Rider | 5 |  | 
                53 total
 » upgrades
                
                | Reinforced Defenses | 1 |  | 
| Liquid Fire | 1 |  | 
                2 total
 » buildings
                
                | Altar of Storms | 3 |  | 
| Orc Burrow | 9 |  | 
| Barracks | 1 |  | 
| War Mill | 2 |  | 
| Voodoo Lounge | 3 |  | 
| Watch Tower | 51 |  | 
| Stronghold | 2 |  | 
| Beastiary | 7 |  | 
| Fortress | 2 |  | 
                80 total
 » build order
                00:03 Altar of Storms
00:09 Orc Burrow
00:54 Barracks
00:58 War Mill
02:04 Voodoo Lounge
02:12 Watch Tower
02:22 Watch Tower
03:02 Voodoo Lounge
03:15 Watch Tower
04:09 Stronghold
04:14 Watch Tower
04:17 Orc Burrow
05:06 Watch Tower
05:15 Watch Tower
07:11 Beastiary
07:16 Beastiary
07:19 Beastiary
07:21 Fortress
07:25 Watch Tower
07:34 Watch Tower
07:40 Watch Tower
09:21 Orc Burrow
10:25 Watch Tower
10:42 Orc Burrow
15:51 Watch Tower
16:36 Watch Tower
16:38 Watch Tower
16:39 Watch Tower
16:42 Watch Tower
16:44 Watch Tower
16:46 Watch Tower
16:47 Watch Tower
16:50 Watch Tower
16:55 Watch Tower
16:59 Watch Tower
17:50 Watch Tower
17:51 Watch Tower
18:06 Watch Tower
18:08 Watch Tower
18:09 Watch Tower
18:12 Watch Tower
18:15 Watch Tower
19:25 Watch Tower
19:30 Watch Tower
20:22 Watch Tower
20:25 Watch Tower
20:29 Watch Tower
20:32 Watch Tower
23:03 Watch Tower
23:04 Watch Tower
23:05 Watch Tower
23:07 Watch Tower
23:08 Watch Tower
23:22 Watch Tower
23:24 Watch Tower
23:27 Watch Tower
24:45 Voodoo Lounge
24:47 Watch Tower
24:48 Watch Tower
24:48 Watch Tower
24:49 Watch Tower
24:49 Watch Tower
24:50 Watch Tower
24:52 Watch Tower
26:24 Stronghold
30:58 Altar of Storms
31:57 Beastiary
32:00 Beastiary
32:06 Beastiary
32:09 Beastiary
33:00 Orc Burrow
33:02 Orc Burrow
33:10 Orc Burrow
33:16 Orc Burrow
33:30 Fortress
38:03 War Mill
39:47 Watch Tower
39:50 Watch Tower
48:42 Orc Burrow
49:14 Altar of Storms
» items
                
                | Scroll of Regeneration | 6 |  | 
| Lesser Clarity Potion | 17 |  | 
| Scroll of Speed | 1 |  | 
| Scroll of Town Portal | 6 |  | 
| Healing Salve | 1 |  | 
| Orb of Lightning | 1 |  | 
| Tiny Great Hall | 1 |  | 
| Potion of Healing | 4 |  | 
| Potion of Mana | 1 |  | 
                38 total
  
                Chat log
          
(17:38 / All) I)oomI)xistnc: some serious cheddar here bois
(23:48 / All) StraightG00ds: this is so lame man
(26:47 / All) StraightG00ds: u guys actually enjoy playin like thix
(26:59 / All) iggy_the_fisk: hi :]
(40:42 / All) StraightG00ds: so boys, hows it going ?
(40:49 / All) TowerPowerNerf: GREAT NOOBASS
(40:54 / All) StraightG00ds: LOL
(43:15 / All) StraightG00ds: HIGH FIVEEE
(43:23 / All) TowerPowerNerf: YOU WILL LOSE
(43:39 / All) StraightG00ds: thats not the whole point to this game
(43:42 / All) StraightG00ds: but it may be hte case
(45:32 / All) StraightG00ds: good one noob
(45:41 / All) iggy_the_fisk: 1v1??????
(45:48 / All) StraightG00ds: sure quit first
(45:53 / All) TowerPowerNerf: noobass
(45:54 / All) iggy_the_fisk: Lmao when i win
(46:01 / All) StraightG00ds: noobass isnt a word moron
(46:08 / All) TowerPowerNerf: it is from now on
(46:09 / All) TowerPowerNerf: noobass
(46:17 / All) TowerPowerNerf: ill write it on wikipedia
(46:36 / All) TowerPowerNerf: u think ull win?
(46:40 / All) TowerPowerNerf: HAHAHA
(46:47 / All) StraightG00ds: its a posibility 
(46:48 / All) TowerPowerNerf: seriously u guys are funny
(48:21 / All) StraightG00ds: OUCH
(48:23 / All) I)oomI)xistnc: fucking nooobs
(49:25 / All) TowerPowerNerf: u still think uäll win?
(50:20 / All) StraightG00ds: you BOYS having fun
(50:43 / All) TowerPowerNerf: u girls having fun?
(59:56 / All) StraightG00ds: seriously, we didnt think itd be necessary to lock down our natural mines
(60:03 / All) StraightG00ds: you guys have taken faggotry to the nxt lvl
(67:38 / All) TowerPowerNerf: HAHAHAHA
(67:39 / All) iggy_the_fisk: gg noobs
(67:41 / All) TowerPowerNerf: OWNED
(67:42 / All) TowerPowerNerf: NOOBS
(67:42 / All) StraightG00ds: OMG OMG
(67:45 / All) StraightG00ds: OMG I CARE
(68:33 / All) StraightG00ds: nxt time we just be more cauthoug
(68:51 / All) TowerPowerNerf: noobass
(69:03 / All) StraightG00ds: cautiousand once again this is me caring
(69:12 / All) TowerPowerNerf: u do care so much
(69:14 / All) TowerPowerNerf: it hurts
(69:57 / All) StraightG00ds: we figured not even you fools would draw the game out by towering our exp
(70:03 / All) StraightG00ds: goes to show retards play this game
(70:11 / All) iggy_the_fisk: retards who lose to towers
(70:25 / All) iggy_the_fisk: gg u may leave
(70:26 / All) iggy_the_fisk: I allow it
(70:32 / All) StraightG00ds: yea sry we didnt tower our exp thinkin you guys werent totaly retards, nxt time we will do just that
(70:37 / All) StraightG00ds: nah ima grab some dinner
(70:46 / All) StraightG00ds: you can spend a lill more time destorying our shit
(70:47 / All) TowerPowerNerf: k
(70:52 / All) TowerPowerNerf: :D
(70:53 / All) iggy_the_fisk: spend a lil more time losing it's coo
(71:02 / All) TowerPowerNerf: spend some tiem watchin it
(71:04 / All) TowerPowerNerf: xD
(71:10 / All) TowerPowerNerf: HF!